APP
HELENA BREWERS @ CHICAGO (APP) CUBS
07/09/2046
 
TOP OF THE 1ST
Helena Brewers batting - Pitching for Chicago (APP) Cubs : RHP Anastagio Fasola
Pitching: RHP Anastagio Fasola
Batting: RHB Victor Alarcon 0-0: Ball
1-0: Ball
2-0: Ball
3-0: Called Strike
3-1: Foul Ball, location: 2F
3-2: Ground out 4-3 (Groundball, 4, EV 85.0 MPH)
Batting: LHB Karel Hort 0-0: Called Strike
0-1: Ball
1-1: Ball
2-1: Ground out 1-3 (Groundball, 34S, EV 70.0 MPH)
Batting: LHB Mark Backstrom 0-0: Foul Ball, location: 2F
0-1: Ball
1-1: Ground out U3 (Groundball, 3, EV 105.0 MPH)
Top of the 1st over - 0 runs, 0 hits, 0 errors, 0 left on base; Helena 0 - Chicago (APP) 0
BOTTOM OF THE 1ST
Chicago (APP) Cubs batting - Pitching for Helena Brewers : LHP Gil Sanchez
Pitching: LHP Gil Sanchez
Batting: RHB Adrian Cox 0-0: SINGLE (Line Drive, 89S, EV 103.8 MPH)
Batting: RHB Mike Hill 0-0: Ball
1-0: Reached on error, E6 (Groundball, 6, EV 79.4 MPH)
Adrian Cox to second
Batting: RHB T.J. Garrison 0-0: Called Strike
0-1: Called Strike
0-2: Ball
1-2: Ball
2-2: Ball
3-2: Base on Balls
Adrian Cox to third
Mike Hill to second
Batting: RHB Dustin Goldsborough 0-0: Ball
1-0: SINGLE (Groundball, 5S, EV 70.0 MPH) (infield hit)
Adrian Cox scores
Mike Hill to third
T.J. Garrison to second
Batting: LHB Hiroki Yamamoto 0-0: Foul Ball, location: 2F
0-1: Ball
1-1: Foul Ball, location: 2F
1-2: Ball
2-2: Ball
3-2: Fielders Choice at 2nd, 5-4 (Groundball, 56, EV 86.9 MPH)
Mike Hill scores
T.J. Garrison to third
Batting: RHB Andy Baumhardt 0-0: Called Strike
0-1: Ball
1-1: Fly out, F9 (Flyball, 89S, EV 78.8 MPH)
Batting: LHB Tom Mooney 0-0: Foul Ball, location: 2F
0-1: Ball
1-1: Ball
2-1: Swinging Strike
2-2: Foul Ball, location: 2F
2-2: Foul Ball, location: 2F
2-2: Strikes out swinging
Bottom of the 1st over - 2 runs, 2 hits, 1 error, 2 left on base; Helena 0 - Chicago (APP) 2
TOP OF THE 2ND
Helena Brewers batting - Pitching for Chicago (APP) Cubs : RHP Anastagio Fasola
Batting: LHB Greg Reedy 0-0: Called Strike
0-1: Swinging Strike
0-2: Ball
1-2: Strikes out swinging
Batting: RHB Jose Cerritos 0-0: Ball
1-0: Called Strike
1-1: Called Strike
1-2: Ball
2-2: Ball
3-2: Foul Ball, location: 2F
3-2: Base on Balls
Batting: RHB Dan Allred 0-0: Fielders Choice at 2nd, 4-6 (Groundball, 4, EV 102.5 MPH)
Batting: RHB Justin Marino 0-0: Ball
1-0: Ball
Passed Ball!
Dan Allred to second
2-0: Ball
3-0: Called Strike
3-1: Base on Balls
Batting: RHB Jesus Menjivar 0-0: Called Strike
0-1: Foul Ball, location: 2F
0-2: Ball
1-2: Foul Ball, location: 2F
1-2: Strikes out looking
Top of the 2nd over - 0 runs, 0 hits, 0 errors, 2 left on base; Helena 0 - Chicago (APP) 2
BOTTOM OF THE 2ND
Chicago (APP) Cubs batting - Pitching for Helena Brewers : LHP Gil Sanchez
Batting: RHB Ricardo Saucedo 0-0: Foul Ball, location: 2F
0-1: Ball
1-1: Called Strike
1-2: Foul Ball, location: 2F
1-2: Fly out, F8 (Flyball, 89M, EV 90.0 MPH)
Batting: RHB Bogdan Sdobnyakov 0-0: Ball
1-0: Called Strike
1-1: Swinging Strike
1-2: Foul Ball, location: 2F
1-2: Fly out, F9 (Flyball, 9LM, EV 100.6 MPH)
Batting: RHB Adrian Cox 0-0: Swinging Strike
0-1: SINGLE (Groundball, 56S, EV 63.8 MPH) (infield hit)
Batting: RHB Mike Hill 0-0: Ball
1-0: Called Strike
1-1: Called Strike
1-2: Ball
2-2: Ball
3-2: Ground out 6-3 (Groundball, 6, EV 80.0 MPH)
Bottom of the 2nd over - 0 runs, 1 hit, 0 errors, 1 left on base; Helena 0 - Chicago (APP) 2
TOP OF THE 3RD
Helena Brewers batting - Pitching for Chicago (APP) Cubs : RHP Anastagio Fasola
Batting: RHB Gil Sanchez 0-0: Called Strike
0-1: Ball
1-1: Swinging Strike
1-2: Ball
2-2: DOUBLE (Flyball, 78D, EV 101.2 MPH)
Batting: RHB Victor Alarcon 0-0: Called Strike
0-1: Swinging Strike
0-2: Ball
1-2: Foul Ball, location: 2F
1-2: Ball
2-2: Foul Ball, location: 2F
2-2: Ball
3-2: Base on Balls
Batting: LHB Karel Hort 0-0: Called Strike
0-1: Swinging Strike
0-2: Strikes out looking
Batting: LHB Mark Backstrom 0-0: Ball
1-0: Swinging Strike
1-1: Ball
2-1: SINGLE (Line Drive, 9S, EV 96.9 MPH)
Gil Sanchez to third
Victor Alarcon to second
Batting: LHB Greg Reedy 0-0: Called Strike
0-1: Swinging Strike
0-2: Foul Ball, location: 2F
0-2: Ball
1-2: Foul Ball, location: 2F
1-2: Foul Ball, location: 2F
1-2: Strikes out swinging
Batting: RHB Jose Cerritos 0-0: Swinging Strike
0-1: Foul Ball, location: 2F
0-2: Foul Ball, location: 2F
0-2: Strikes out swinging passed ball, reaches first!
Gil Sanchez scores
Victor Alarcon to third
Mark Backstrom to second
Batting: RHB Dan Allred 0-0: Foul Ball, location: 2F
0-1: Foul Ball, location: 2F
0-2: Ball
1-2: Ball
2-2: Foul Ball, location: 2F
2-2: Foul Ball, location: 2F
2-2: Foul Ball, location: 2F
2-2: Ball
3-2: Base on Balls
Victor Alarcon scores
Mark Backstrom to third
Jose Cerritos to second
Batting: RHB Justin Marino 0-0: Ball
1-0: Called Strike
1-1: Ball
2-1: GRAND SLAM HOME RUN (Flyball, 7D, EV 105.0 MPH), Distance : 395 ft
Pitching: RHP Velimir Sljivancanin
Batting: RHB Jesus Menjivar 0-0: Foul Ball, location: 2F
0-1: Foul Ball, location: 2F
0-2: Ball
1-2: SOLO HOME RUN (Flyball, 7LD, EV 97.5 MPH), Distance : 369 ft
Batting: RHB Gil Sanchez 0-0: SINGLE (Line Drive, 78S, EV 100.0 MPH)
Batting: RHB Victor Alarcon 0-0: Ball
1-0: Swinging Strike
1-1: Swinging Strike
1-2: Strikes out swinging
Top of the 3rd over - 7 runs, 5 hits, 0 errors, 1 left on base; Helena 7 - Chicago (APP) 2
BOTTOM OF THE 3RD
Chicago (APP) Cubs batting - Pitching for Helena Brewers : LHP Gil Sanchez
Batting: RHB T.J. Garrison 0-0: Ball
1-0: Ball
2-0: Called Strike
2-1: Ball
3-1: Called Strike
3-2: Foul Ball, location: 2F
3-2: Base on Balls
Batting: RHB Dustin Goldsborough 0-0: Foul Ball, location: 2F
0-1: Foul Ball, location: 2F
0-2: DOUBLE (Flyball, 89D, EV 111.2 MPH)
T.J. Garrison to third
Runner from 3rd tries for Home, SAFE, throw by RF to trailing runner, SAFE at third!
Batting: LHB Hiroki Yamamoto 0-0: Fly out, F5 (Popup, 56, EV 78.8 MPH)
Batting: RHB Andy Baumhardt 0-0: Ball
Wild Pitch!
Dustin Goldsborough scores
1-0: Ground out 4-3 (Groundball, 4, EV 108.1 MPH)
Batting: LHB Tom Mooney 0-0: Foul Ball, location: 2F
0-1: Foul Ball, location: 2F
0-2: Foul Ball, location: 2F
0-2: Ball
1-2: SINGLE (Groundball, 34, EV 96.2 MPH)
Batting: RHB Ricardo Saucedo 0-0: Swinging Strike
0-1: Ball
1-1: Ball
2-1: Called Strike
2-2: Strikes out swinging
Bottom of the 3rd over - 2 runs, 2 hits, 0 errors, 1 left on base; Helena 7 - Chicago (APP) 4
TOP OF THE 4TH
Helena Brewers batting - Pitching for Chicago (APP) Cubs : RHP Velimir Sljivancanin
Batting: LHB Karel Hort 0-0: Ball
1-0: Ball
2-0: Foul Ball, location: 2F
2-1: Swinging Strike
2-2: Ball
3-2: Strikes out looking
Batting: LHB Mark Backstrom 0-0: Ball
1-0: Ball
2-0: Ball
3-0: Called Strike
3-1: Foul Ball, location: 2F
3-2: Foul Ball, location: 2F
3-2: Strikes out swinging
Pitching: RHP Trevor Woodbury
Batting: LHB Greg Reedy 0-0: Called Strike
0-1: Foul Ball, location: 2F
0-2: Ball
1-2: Strikes out swinging
Top of the 4th over - 0 runs, 0 hits, 0 errors, 0 left on base; Helena 7 - Chicago (APP) 4
BOTTOM OF THE 4TH
Chicago (APP) Cubs batting - Pitching for Helena Brewers : LHP Gil Sanchez
Batting: RHB Bogdan Sdobnyakov 0-0: Called Strike
0-1: Ground out 5-3 (Groundball, 56, EV 111.2 MPH)
Batting: RHB Adrian Cox 0-0: Ball
1-0: Called Strike
1-1: Ground out 6-3 (Groundball, 6, EV 77.5 MPH)
Batting: RHB Mike Hill 0-0: Ball
1-0: Foul Ball, location: 2F
1-1: Fly out, F9 (Line Drive, 9, EV 98.8 MPH)
Bottom of the 4th over - 0 runs, 0 hits, 0 errors, 0 left on base; Helena 7 - Chicago (APP) 4
TOP OF THE 5TH
Helena Brewers batting - Pitching for Chicago (APP) Cubs : RHP Trevor Woodbury
Batting: RHB Jose Cerritos 0-0: SINGLE (Groundball, 4D, EV 96.9 MPH)
Batting: RHB Dan Allred 0-0: Swinging Strike
0-1: Ball
1-1: DOUBLE (Groundball, 5L, EV 100.0 MPH)
Jose Cerritos to third
Runner from 3rd tries for Home, SAFE, no throw by LF
Batting: RHB Justin Marino 0-0: Foul Ball, location: 2F
0-1: Foul Ball, location: 2F
0-2: Strikes out swinging
Batting: RHB Jesus Menjivar 0-0: Ground out 5-3 (Groundball, 56, EV 106.2 MPH)
Batting: RHB Gil Sanchez 0-0: Ball
1-0: Called Strike
1-1: Swinging Strike
1-2: Foul Ball, location: 2F
1-2: Ball
2-2: Strikes out swinging
Top of the 5th over - 1 run, 2 hits, 0 errors, 1 left on base; Helena 8 - Chicago (APP) 4
BOTTOM OF THE 5TH
Chicago (APP) Cubs batting - Pitching for Helena Brewers : LHP Gil Sanchez
Pitching: LHP Tony Salazar
Batting: RHB T.J. Garrison 0-0: Ball
1-0: Ball
2-0: Swinging Strike
2-1: Ball
3-1: Base on Balls
Batting: RHB Dustin Goldsborough 0-0: Called Strike
0-1: Ball
1-1: Foul Ball, location: 2F
1-2: Strikes out swinging
Batting: LHB Hiroki Yamamoto 0-0: Called Strike
0-1: Ball
1-1: Swinging Strike
1-2: Foul Ball, location: 2F
1-2: Ball
2-2: Ball
3-2: Strikes out swinging
Batting: RHB Andy Baumhardt 0-0: Swinging Strike
0-1: Called Strike
0-2: Ball
1-2: Ball
2-2: Foul Ball, location: 2F
2-2: Ball
3-2: Foul Ball, location: 2F
3-2: Base on Balls
T.J. Garrison to second
Pitching: LHP Jon Ortiz
Batting: LHB Tom Mooney 0-0: Fly out, F8 (Line Drive, 8LS, EV 93.8 MPH)
Bottom of the 5th over - 0 runs, 0 hits, 0 errors, 2 left on base; Helena 8 - Chicago (APP) 4
TOP OF THE 6TH
Helena Brewers batting - Pitching for Chicago (APP) Cubs : RHP Trevor Woodbury
Batting: RHB Victor Alarcon 0-0: Foul Ball, location: 2F
0-1: Ball
1-1: Ground out 1-3 (Groundball, 25, EV 65.0 MPH)
Batting: LHB Karel Hort 0-0: Ball
1-0: Foul Ball, location: 2F
1-1: Swinging Strike
1-2: Ball
2-2: Foul Ball, location: 2F
2-2: Foul Ball, location: 2F
2-2: Ball
3-2: Base on Balls
Batting: LHB Mark Backstrom 0-0: Foul Ball, location: 2F
0-1: Foul Ball, location: 2F
0-2: Foul Ball, location: 2F
0-2: Ball
1-2: Ball
2-2: Strikes out swinging
Batting: LHB Greg Reedy 0-0: Ball
1-0: Ground out 5-3 (Groundball, 56S, EV 80.6 MPH)
Top of the 6th over - 0 runs, 0 hits, 0 errors, 1 left on base; Helena 8 - Chicago (APP) 4
BOTTOM OF THE 6TH
Chicago (APP) Cubs batting - Pitching for Helena Brewers : LHP Jon Ortiz
Batting: RHB Ricardo Saucedo 0-0: Ball
1-0: Foul Ball, location: 2F
1-1: Ball
2-1: Ground out 6-3 (Groundball, 6, EV 107.5 MPH)
Batting: RHB Bogdan Sdobnyakov 0-0: Ground out 6-3 (Groundball, 6, EV 103.8 MPH)
Batting: RHB Adrian Cox 0-0: Swinging Strike
0-1: Swinging Strike
0-2: Strikes out looking
Bottom of the 6th over - 0 runs, 0 hits, 0 errors, 0 left on base; Helena 8 - Chicago (APP) 4
TOP OF THE 7TH
Helena Brewers batting - Pitching for Chicago (APP) Cubs : RHP Trevor Woodbury
Batting: RHB Jose Cerritos 0-0: Ball
1-0: Ball
2-0: Called Strike
2-1: Ball
3-1: Swinging Strike
3-2: Base on Balls
Batting: RHB Dan Allred 0-0: Hit by Pitch
Jose Cerritos to second
Batting: RHB Justin Marino 0-0: Ball
1-0: Ball
2-0: Bunt missed!
2-1: Sac Bunt to 13S - play at first, batter OUT! 1-4
Jose Cerritos to third
Dan Allred to second
Batting: RHB Jesus Menjivar 0-0: Intentional Walk
Batting: SHB Jerry Duffy 0-0: Called Strike
0-1: Called Strike
0-2: Ball
1-2: Strikes out swinging
Batting: RHB Victor Alarcon 0-0: Ball
1-0: Ball
Wild Pitch!
Jose Cerritos scores
Dan Allred to third
Jesus Menjivar to second
2-0: Foul Ball, location: 2F
2-1: Called Strike
2-2: Ball
3-2: Base on Balls
Batting: LHB Karel Hort 0-0: Called Strike
0-1: Ball
1-1: Ball
2-1: GRAND SLAM HOME RUN (Flyball, 9D, EV 100.6 MPH), Distance : 396 ft
Pitching: RHP Roberto Cruz
Batting: LHB Mark Backstrom 0-0: Swinging Strike
0-1: SINGLE (Line Drive, 4MD, EV 101.9 MPH)
Batting: LHB Greg Reedy 0-0: Foul Ball, location: 2F
0-1: Called Strike
0-2: Ball
1-2: Ball
2-2: Ball
3-2: Strikes out looking
Top of the 7th over - 5 runs, 2 hits, 0 errors, 1 left on base; Helena 13 - Chicago (APP) 4
BOTTOM OF THE 7TH
Chicago (APP) Cubs batting - Pitching for Helena Brewers : LHP Jon Ortiz
Batting: RHB Mike Hill 0-0: Ball
1-0: Foul Ball, location: 2F
1-1: Ball
2-1: SINGLE (Groundball, 5S, EV 65.0 MPH) (infield hit)
Batting: RHB T.J. Garrison 0-0: Foul Ball, location: 2F
0-1: Ball
1-1: Ball
2-1: Foul Ball, location: 2F
2-2: Foul Ball, location: 2F
2-2: Strikes out swinging
Pitching: RHP Josh Brakefield
Batting: RHB Dustin Goldsborough 0-0: Called Strike
Mike Hill steals 2nd base (no throw)
0-1: Foul Ball, location: 2F
0-2: Ball
1-2: Strikes out swinging
Batting: LHB Hiroki Yamamoto 0-0: Ball
1-0: Hit by Pitch
Batting: RHB Andy Baumhardt 0-0: SINGLE (Groundball, 56D, EV 95.0 MPH)
Mike Hill to third
Hiroki Yamamoto to second
Runner from 3rd tries for Home, SAFE, throw by LF to home
Batting: LHB Tom Mooney 0-0: Ball
1-0: Ball
2-0: Ball
3-0: Called Strike
3-1: Base on Balls
Hiroki Yamamoto to third
Andy Baumhardt to second
Batting: RHB Ricardo Saucedo 0-0: Ball
1-0: Foul Ball, location: 2F
1-1: Foul Ball, location: 2F
1-2: Foul Ball, location: 2F
1-2: Ball
2-2: Strikes out looking
Bottom of the 7th over - 1 run, 2 hits, 0 errors, 3 left on base; Helena 13 - Chicago (APP) 5
TOP OF THE 8TH
Helena Brewers batting - Pitching for Chicago (APP) Cubs : RHP Roberto Cruz
Batting: RHB Jose Cerritos 0-0: SOLO HOME RUN (Flyball, 78XD, EV 102.5 MPH), Distance : 427 ft
Batting: RHB Dan Allred 0-0: Foul Ball, location: 2F
0-1: Ball
1-1: Swinging Strike
1-2: DOUBLE (Line Drive, 9LD, EV 100.6 MPH)
Batting: RHB Justin Marino 0-0: Ball
1-0: Ball
2-0: Ball
3-0: Base on Balls
Batting: RHB Jesus Menjivar 0-0: DOUBLE (Line Drive, 89D, EV 103.8 MPH)
Dan Allred scores
Justin Marino to third
Pitching: RHP Jose Mata
Batting: SHB Jerry Duffy 0-0: Foul Ball, location: 2F
0-1: Ball
1-1: Called Strike
1-2: Strikes out swinging
Batting: RHB Victor Alarcon 0-0: Ball
1-0: Ball
2-0: Called Strike
2-1: Ball
Wild Pitch!
Justin Marino scores
Jesus Menjivar to third
3-1: Foul Ball, location: 2F
3-2: Foul Ball, location: 2F
3-2: Base on Balls
Batting: LHB Karel Hort 0-0: Called Strike
0-1: 3-RUN HOME RUN (Flyball, 9LD, EV 91.2 MPH), Distance : 346 ft
Batting: LHB Mark Backstrom 0-0: Ball
1-0: Ball
2-0: Foul Ball, location: 2F
2-1: Ball
3-1: Called Strike
3-2: Fly out, F9 (Line Drive, 9LS, EV 95.0 MPH)
Batting: LHB Greg Reedy 0-0: Swinging Strike
0-1: Called Strike
0-2: Foul Ball, location: 2F
0-2: Ball
1-2: Ball
2-2: Strikes out swinging
Top of the 8th over - 6 runs, 4 hits, 0 errors, 0 left on base; Helena 19 - Chicago (APP) 5
BOTTOM OF THE 8TH
Chicago (APP) Cubs batting - Pitching for Helena Brewers : RHP Josh Brakefield
Pitching: LHP Sam Glaser
Batting: RHB Bogdan Sdobnyakov 0-0: Ball
1-0: Called Strike
1-1: Foul Ball, location: 2F
1-2: Strikes out swinging
Batting: RHB Adrian Cox 0-0: Ball
1-0: Ball
2-0: Ground out 4-3 (Groundball, 4, EV 84.4 MPH)
Batting: RHB Mike Hill 0-0: Ball
1-0: Ball
2-0: Foul Ball, location: 2F
2-1: Called Strike
2-2: Ground out 6-3 (Groundball, 56, EV 90.0 MPH)
Bottom of the 8th over - 0 runs, 0 hits, 0 errors, 0 left on base; Helena 19 - Chicago (APP) 5
TOP OF THE 9TH
Helena Brewers batting - Pitching for Chicago (APP) Cubs : RHP Jose Mata
Batting: RHB Jose Cerritos 0-0: Ball
1-0: Called Strike
1-1: Called Strike
1-2: Strikes out looking
Batting: RHB Dan Allred 0-0: Called Strike
0-1: Ball
1-1: Ball
2-1: Foul Ball, location: 2F
2-2: Foul Ball, location: 2F
2-2: Foul Ball, location: 2F
2-2: Foul Ball, location: 2F
2-2: Foul Ball, location: 2F
2-2: Ball
3-2: Foul Ball, location: 2F
3-2: Base on Balls
Batting: RHB Justin Marino 0-0: Ball
1-0: Ball
Wild Pitch!
Dan Allred to second
2-0: Called Strike
Pickoff Throw to Second - Error! E1
Dan Allred to third
2-1: Foul Ball, location: 2F
2-2: Foul Ball, location: 2F
2-2: Strikes out swinging
Batting: RHB Jesus Menjivar 0-0: Ball
1-0: Foul Ball, location: 2F
1-1: Swinging Strike
1-2: Foul Ball, location: 2F
1-2: Foul Ball, location: 2F
1-2: Ground out 5-3 (Groundball, 56, EV 90.0 MPH)
Top of the 9th over - 0 runs, 0 hits, 1 error, 1 left on base; Helena 19 - Chicago (APP) 5
BOTTOM OF THE 9TH
Chicago (APP) Cubs batting - Pitching for Helena Brewers : LHP Sam Glaser
Batting: RHB T.J. Garrison 0-0: Fly out, F8 (Flyball, 8RM, EV 91.9 MPH)
Batting: RHB Dustin Goldsborough 0-0: Ball
1-0: Called Strike
1-1: SINGLE (Flyball, 78S, EV 85.0 MPH)
Batting: LHB Hiroki Yamamoto 0-0: Reached on error, E4 (Groundball, 4MS, EV 80.6 MPH)
Dustin Goldsborough to second
Batting: RHB Andy Baumhardt 0-0: Foul Ball, location: 2F
0-1: Foul Ball, location: 2F
0-2: Ball
1-2: Strikes out swinging
Pitching: RHP Adam Robinson
Batting: LHB Tom Mooney 0-0: Called Strike
0-1: Ball
1-1: SINGLE (Groundball, 4MD, EV 99.4 MPH)
Dustin Goldsborough to third
Hiroki Yamamoto to second
Batting: RHB Ricardo Saucedo 0-0: SINGLE (Groundball, 4MD, EV 102.5 MPH)
Dustin Goldsborough scores
Hiroki Yamamoto to third
Tom Mooney to second
Batting: RHB Bogdan Sdobnyakov 0-0: Ball
1-0: Ball
2-0: Foul Ball, location: 2F
2-1: Foul Ball, location: 2F
2-2: Strikes out swinging
Bottom of the 9th over - 1 run, 3 hits, 1 error, 3 left on base; Helena 19 - Chicago (APP) 6
Tuesday, September 13th , 2022 - OOTP Baseball 23.7 Build 88